 Dungeon Crawl Stone Soup version 0.31.0-12-g77e489cdc1 (webtiles) character file.

Game seed: 10295886393522675832

121 Gadfly the Sneak (level 4, -1/22 HPs)
             Began as a Spriggan Enchanter on Feb 18, 2024.
             Slain by a ribbon worm (4 damage)
             ... on level 3 of the Dungeon.
             The game lasted 00:03:03 (2375 turns).

Gadfly the Sneak (Spriggan Enchanter)               Turns: 2375, Time: 00:03:03

Health: -1/22      AC:  3    Str:  4    XL:     4   Next: 76%
Magic:  3/10       EV: 18    Int: 16    God:
Gold:   198        SH:  0    Dex: 17    Spells: 4/9 levels left

rFire   . . .        b - +1 dagger
rCold   . . .        (no shield)
rNeg    . . .        e - +1 robe
rPois   .            (helmet restricted)
rElec   .            (no cloak)
rCorr   +            (gloves unavailable)
SInv    +            (boots unavailable)
Will    .....        (no amulet)
Stlth   +++          d - ring of resist corrosion
HPRegen 0.23/turn    (no ring)
MPRegen 0.12/turn

%: no passive effects
@: very quick
A: very small, no large weapons, unfitting armour, see invisible, speed 3
a: no special abilities


You were on level 3 of the Dungeon.
You visited 1 branch of the dungeon, and saw 3 of its levels.

You collected 198 gold pieces.

Inventory:

Hand Weapons
 a - the +9 dagger "Earthworm" {protect, Int+6 Stlth-}
   (You found it on level 2 of the Dungeon)

   Int+6:     It affects your intelligence (+6).
   Stlth-:    It makes you less stealthy.
 b - a +1 dagger (weapon)
Armour
 e - a +1 robe (worn)
Jewellery
 d - a ring of resist corrosion (left hand)
Scrolls
 f - a scroll of enchant armour
Potions
 c - 2 potions of invisibility
 g - a potion of berserk rage
 i - a potion of haste
 k - a potion of heal wounds {unknown}


   Skills:
 + Level 1.3 Fighting
 + Level 2.1 Short Blades
 + Level 3.3 Dodging
 + Level 5.3 Stealth
 + Level 3.3 Spellcasting
 + Level 4.2 Hexes
 + Level 1.7 Evocations


You had 4 spell levels left.
You knew the following spells:

 Your Spells              Type           Power      Damage    Failure   Level
a - Ensorcelled Hibernat  Hex/Ice        18%        N/A       12%         2
b - Confusing Touch       Hex            16%        N/A       10%         3

Your spell library contained the following spells:

 Spells                   Type           Power      Damage    Failure   Level
 Sigil of Binding         Hex            16%        N/A       10%         3
 Tukima's Dance           Hex            16%        N/A       10%         3
 Necrotise                Necr           8%         1d4       19%         1
 Dazzling Flash           Conj/Hex       18%        N/A       22%         3
 Call Canine Familiar     Summ           2%         N/A       47%         3
 Vampiric Draining        Necr           2%         2d6       47%         3
 Dimensional Bullseye     Hex/Tloc       4%         N/A       58%         4
 Martyr's Knell           Necr/Summ      2%         N/A       87%         4
 Curse of Agony           Necr           2%         N/A       99%         5


Dungeon Overview and Level Annotations

Branches:
Dungeon (3/15)

Altars:


Innate Abilities, Weirdness & Mutations

You are very small and have problems with some larger weapons.
You are too small for most types of armour.
You have supernaturally acute eyesight. (SInv)
You cover ground extremely quickly. (Speed+++)


Message History

The iguana is heavily wounded.
The iguana misses you.
You hit the iguana but do no damage.
The iguana is heavily wounded.
You hit the iguana but do no damage.
The iguana is heavily wounded.
The iguana misses you.
You barely miss the iguana.
The iguana is heavily wounded.
The iguana bites you.
You are too injured to fight recklessly!
You are too injured to fight recklessly!
You are too injured to fight recklessly!
Casting: Ensorcelled Hibernation (safe; 12% risk of failure)
Confirm with . or Enter, or press ? or * to list all spells.
Aiming: Ensorcelled Hibernation (safe; 12% risk of failure)
Press: ? - help, Shift-Dir - straight line, f - iguana
Aim: an iguana (heavily wounded, chance to affect: 51%)
The iguana looks drowsy...
Unknown command.
The helpless iguana fails to defend itself.
You impale the iguana!!
You kill the iguana!
Casting: Ensorcelled Hibernation (safe; 12% risk of failure)
Confirm with . or Enter, or press ? or * to list all spells.
Aiming: Ensorcelled Hibernation (safe; 12% risk of failure)
Press: ? - help, Shift-Dir - straight line, f - ribbon worm
Aim: a ribbon worm (chance to affect: 51%)
The ribbon worm resists with significant effort.
The ribbon worm bites you!
* * * LOW HITPOINT WARNING * * *
Unknown command.
Casting: Ensorcelled Hibernation (safe; 12% risk of failure)
Confirm with . or Enter, or press ? or * to list all spells.
Aiming: Ensorcelled Hibernation (safe; 12% risk of failure)
Press: ? - help, Shift-Dir - straight line, f/p - ribbon worm
Aim: a ribbon worm (chance to affect: 51%)
The ribbon worm resists with significant effort.
The ribbon worm bites you.
You die...

.. #..
#........... #..
##............
#.....[.......
#.#.........##
#.#...........
#.###.........
#.# #.........
#.# #.........
#@# #.........
#w###.........
#g..Sl........
#..##.........
...........l####
..)...........#
...............#
####..[........#
............#


You could see a ribbon worm and a hobgoblin.

Vanquished Creatures
  An iguana (D:3)
  5 adders
  3 dart slugs
  3 ball pythons
  2 endoplasms
  A giant cockroach (D:1)
  2 goblins (D:1)
  5 hobgoblins
  4 kobolds
  6 quokkas
  5 bats
  2 frilled lizards
  8 rats
47 creatures vanquished.

Notes
Turn   | Place    | Note
-------+----------+-------------------------------------------
     0 | D:1      | Gadfly the Spriggan Enchanter began the quest for the Orb.
     0 | D:1      | Reached XP level 1. HP: 9/9 MP: 5/5
   379 | D:1      | Reached XP level 2. HP: 13/13 MP: 6/6
   656 | D:1      | Reached skill level 1 in Evocations
   749 | D:1      | Learned a level 2 spell: Ensorcelled Hibernation
  1083 | D:2      | Reached XP level 3. HP: 17/17 MP: 8/8
  1268 | D:2      | Reached skill level 1 in Fighting
  1344 | D:2      | Learned a level 3 spell: Confusing Touch
  1399 | D:2      | Reached skill level 5 in Stealth
  1522 | D:2      | Identified the +9 dagger "Earthworm" {protect, Int+6
                  | Stlth-}
  1854 | D:2      | Reached XP level 4. HP: 22/22 MP: 9/9
  2375 | D:3      | Slain by a ribbon worm

Illustrated notes

Levels and vault maps discovered:
D:1:      lemuel_arrival_lava_pool, layout_loops_corners,
          minmay_misc_feat_roman, minmay_octomino_c4
D:2:      layout_loops_corners
D:3:      layout_basic, kennysheep_ying_yang

Skill      XL: |  1  2  3  4 |
---------------+-------------+-----
Evocations     | 1 |  1.7
Dodging        | 3 |  3.3
Fighting       | 1 |  1.3
Spellcasting   | 3 |  3.3
Hexes          | 4 |  4.2
Stealth        | 5 |  5.3
Short Blades   | 2 |  2.1

Action                     |  1- 3 |  4- 6 || total
---------------------------+-------+-------++-------
  Melee: Dagger            |   121 |    43 ||   164
         Punch             |     1 |     1 ||     2
   Cast: Ensorcelled Hiber |    10 |     7 ||    17
    Use: Scroll            |     5 |     2 ||     7
   Stab: Sleeping          |    15 |     4 ||    19
 Armour: Robe              |    34 |    15 ||    49
  Dodge: Dodged            |   102 |    52 ||   154
